 Dungeon Crawl Stone Soup version 0.24.0-37-gcf1ca852f1 (webtiles) character file.

Game seed: 15956209078902248241, levelgen mode: deterministic

543 Gruesph the Charlatan (level 7, -3/55 HPs)
             Began as a Demonspawn Artificer on Nov 25, 2019.
             Slain by an orc warrior
             ... wielding a +0 long sword
              (6 damage)
             ... on level 6 of the Dungeon.
             The game lasted 00:15:47 (3873 turns).

Gruesph the Charlatan (Demonspawn Artificer)        Turns: 3873, Time: 00:15:48

Health: -3/55      AC: 10    Str: 18    XL:     7   Next: 6%
Magic:  11/11      EV:  7    Int: 12    God:
Gold:   181        SH:  0    Dex: 13    Spells: 6/6 levels left

rFire    . . .     SeeInvis .   a - +1 dagger (elec)
rCold    . . .     Gourm    .   (no shield)
rNeg     . . .     Faith    .   y - +0 chain mail
rPois    .         Spirit   .   (helmet restricted)
rElec    .         Reflect  .   (no cloak)
rCorr    .         Harm     .   (no gloves)
MR       .....                  (no boots)
Stlth    ..........             (no amulet)
HPRegen  0.18/turn              r - +3 ring of strength
MPRegen  0.12/turn              (no ring)

@: no status effects
A: antennae 2, iridescent scales 1, spiny 1
a: no special abilities


You were on level 6 of the Dungeon.
You were very hungry.

You visited 1 branch of the dungeon, and saw 4 of its levels.

You collected 181 gold pieces.

Inventory:

Hand Weapons
 a - a +1 dagger of electrocution (weapon)
 b - a +0 hunting sling
Missiles
 g - 123 stones
 k - a throwing net (quivered)
Armour
 w - a +0 shield
 y - a +0 chain mail (worn)
Jewellery
 o - an uncursed amulet of faith {unknown}
 p - an uncursed ring of flight {unknown}
 r - a +3 ring of strength (left hand)
Wands
 c - a wand of flame (13)
 d - a wand of enslavement (8)
 e - a wand of random effects (15)
 s - a wand of digging (2)
Scrolls
 h - a scroll of magic mapping {unknown}
 i - a scroll of blinking {unknown}
 j - 2 scrolls of fear {unknown}
 l - a scroll of amnesia {unknown}
 q - 2 scrolls of remove curse {unknown}
 t - 3 scrolls of teleportation {unknown}
 u - 2 scrolls of fog {unknown}
 v - 3 scrolls of identify {unknown}
Potions
 m - a potion of brilliance {unknown}
 n - a potion of cancellation {unknown}
Comestibles
 f - 8 rations


   Skills:
 + Level 4.9 Fighting
 - Level 0.8 Short Blades
 + Level 2.0 Armour
 - Level 1.7 Dodging
 - Level 0.8 Stealth
 + Level 5.8 Evocations


You had 6 spell levels left.
You didn't know any spells.
Your spell library was empty.

Dungeon Overview and Level Annotations

Branches:
Dungeon (3/15)

Altars:
Zin


Innate Abilities, Weirdness & Mutations

You have a pair of antennae on your head.
You are partially covered in iridescent scales. (AC +2)
You are partially covered in sharp spines.


Message History

The orc warrior hits you with a +0 long sword!
* * * LOW HITPOINT WARNING * * *
You closely miss the orc warrior.
The orc warrior is severely wounded.
The orc warrior hits you with a +0 long sword!
* * * LOW HITPOINT WARNING * * *
Evoke which item? (* to show all) (? for menu, Esc to quit)
Aiming: Throw Flame
Press: ? - help, Shift-Dir - straight line, f - orc warrior
Aim: an orc warrior, wielding a +0 long sword and wearing a cursed +0 plate armour (severely wounded)
The puff of flame hits the orc warrior.
The orc warrior is almost dead.
Evoke which item? (* to show all) (? for menu, Esc to quit)
Aiming: Throw Flame
Press: ? - help, Shift-Dir - straight line, f/p - orc warrior
Aim: an orc warrior, wielding a +0 long sword and wearing a cursed +0 plate armour (almost dead)
The puff of flame hits the orc warrior.
The orc warrior is almost dead.
The orc warrior hits you with a +0 long sword.
You die...

##.# #..#
#.## ##.#
#..# ##.##
#..# #..#
#@##
......o.#
#........
##........
#....##....
...##
##.... ##
... #....
##. #.
#.#.# #..
##.


You could see an orc warrior.

Vanquished Creatures
  A phantom (D:2)
  A centaur (D:6)
  A jelly (D:6)
  A howler monkey (D:6)
  An orc priest (D:3)
  Jessica (D:3)
  A gnoll (D:1)
  5 adders
  A shadow imp (D:6)
  An ooze (D:6)
  An adder zombie (D:6)
  A dart slug (D:2)
  3 worms
  11 orcs
  A ball python (D:1)
  11 bats
  3 giant cockroaches
  8 hobgoblins
  2 jackals (D:2)
  A quokka (D:1)
  3 frilled lizards
  10 goblins
  5 kobolds
  5 rats
79 creatures vanquished.

Vanquished Creatures (collateral kills)
  An ogre (D:6)
  An orc priest (D:3)
  3 orcs
  A kobold (D:1)
6 creatures vanquished.

Vanquished Creatures (others)
  An orc priest (D:6)
1 creature vanquished.

Grand Total: 86 creatures vanquished

Notes
Turn   | Place    | Note
-------+----------+-------------------------------------------
     0 | D:1      | Gruesph the Demonspawn Artificer began the quest for the
                  | Orb.
     0 | D:1      | Reached XP level 1. HP: 15/15 MP: 3/3
   362 | D:1      | Gained mutation: You have a pair of small antennae on your
                  | head. [demonic ancestry]
   362 | D:1      | Reached XP level 2. HP: 21/21 MP: 4/4
  1116 | D:1      | Reached XP level 3. HP: 13/27 MP: 5/5
  1299 | D:2      | Noticed a phantom
  1319 | D:2      | Killed a phantom
  1319 | D:2      | Reached skill level 4 in Evocations
  1319 | D:2      | Gained mutation: You are partially covered in iridescent
                  | scales. (AC +2) [demonic ancestry]
  1319 | D:2      | Reached XP level 4. HP: 28/35 MP: 5/7
  1534 | D:1      | Reached XP level 5. HP: 41/41 MP: 8/8
  2461 | D:3      | Noticed Jessica
  2472 | D:3      | Killed Jessica
  2685 | D:3      | Reached skill level 5 in Evocations
  3209 | D:3      | Gained mutation: You are partially covered in sharp spines.
                  | [demonic ancestry]
  3209 | D:3      | Reached XP level 6. HP: 30/48 MP: 9/9
  3352 | D:3      | You fall into a shaft and drop 3 floors!
  3540 | D:6      | Reached skill level 1 in Armour
  3546 | D:6      | Found a glowing silver altar of Zin.
  3764 | D:6      | Gained mutation: You have a pair of antennae on your head.
                  | [demonic ancestry]
  3764 | D:6      | Reached XP level 7. HP: 45/55 MP: 11/11
  3871 | D:6      | HP: 2/55 [orc warrior/+0 long sword (14)]
  3873 | D:6      | Slain by an orc warrior

Levels and vault maps discovered:
D:1:      dpeg_arrival_rooms_c, layout_loops_ring
D:2:      layout_rooms, minmay_door_square, minmay_misc_feat_five
D:3:      layout_loops_ring, nicolae_overflow_hidden_temple, uniq_jessica
D:6:      layout_cave_pods, kennysheep_mini, overflow_temple_1_default,
          zin_statuary, serial_glass, glass_columns_c, glass_columns_c,
          minmay_strange_pillars, minmay_strange_pillars, due_unseen_surprise,
          feat_on_display, uniq_edmund

Skill      XL: |  1  2  3  4  5  6  7 |
---------------+----------------------+-----
Fighting       | 2 3 4 |  4.9
Evocations     | 4 5 |  5.8
Armour         | 1 2 |  2.0
Short Blades   | |  0.8
Dodging        | |  1.7
Stealth        | |  0.8

Action                   |  1- 3 |  4- 6 |  7- 9 || total
-------------------------+-------+-------+-------++-------
Melee: Dagger            |    63 |   182 |    18 ||   263
       Short sword       |    14 |       |       ||    14
Throw: Stone             |    15 |       |       ||    15
Evoke: Wand              |     1 |     6 |     2 ||     9
 Stab: Distracted        |       |     1 |       ||     1
  Eat: Chunk             |       |     8 |       ||     8
Armor: Leather armour    |    12 |       |       ||    12
       Ring mail         |    37 |    45 |       ||    82
       Chain mail        |       |    10 |     2 ||    12
Dodge: Dodged            |    73 |    69 |     4 ||   146
